 Dungeon Crawl Stone Soup version 0.31-a0-1074-g0b22e4e0f1 (webtiles) character file.

Game seed: 1667593628526706141

244 backslashecho the Trooper (level 5, 0/42 HPs)
             Began as a Mummy Fighter on Dec 8, 2023.
             Slain by an ufetubus (2 damage)
             ... on level 3 of the Dungeon.
             The game lasted 00:06:20 (2699 turns).

backslashecho the Trooper (Mummy Fighter)           Turns: 2699, Time: 00:06:20

Health: 0/42       AC:  7    Str: 21    XL:     5   Next: 83%
Magic:  5/5        EV:  9    Int:  7    God:
Gold:   206        SH:  4    Dex: 12    Spells: 4/4 levels left

rFire   x . .        a - +0 flail
rCold   + . .        c - +0 buckler
rNeg    + + +        b - +0 scale mail
rPois   ∞            (no helmet)
rElec   .            (no cloak)
rCorr   .            e - +0 pair of gloves
SInv    .            (no boots)
Will    .....        (no amulet) Stlth
                     d - ring of flight
HPRegen 0.27/turn    (no ring)
MPRegen 0.09/turn

%: faith
@: flying
A: cold resistance 1, negative energy resistance 3, torment resistance 2, heat
vulnerability 1, in touch with death 1, no potions, faith
a: no special abilities


You were on level 3 of the Dungeon.
You visited 1 branch of the dungeon, and saw 3 of its levels.
You also visited: Sewer.

You collected 206 gold pieces.

Inventory:

Hand Weapons
 a - a +0 flail (weapon)
Missiles
 g - 3 curare-tipped darts (quivered)
 h - 4 poisoned darts
Armour
 b - a +0 scale mail (worn)
 c - a +0 buckler (worn)
 e - a +0 pair of gloves (worn)
Jewellery
 d - a ring of flight (left hand)
Wands
 i - a wand of flame (10)
 j - a wand of mindburst (8)
Scrolls
 f - a scroll of teleportation {unknown}
 k - a scroll of enchant armour {unknown}
 l - a scroll of fear {unknown}


   Skills:
 + Level 4.1 Fighting
 * Level 3.7 Maces & Flails
 - Level 2.4 Armour
 + Level 3.4 Shields


You had 4 spell levels left.
You didn't know any spells.
Your spell library was empty.

Dungeon Overview and Level Annotations

Branches:
Dungeon (3/15)              Sewer (visited)

Altars:
Vehumet


Innate Abilities, Weirdness & Mutations

You are immune to poison.
Your flesh is cold resistant. (rC+)
You are immune to negative energy. (rN+++)
You are immune to unholy pain and torment.
You are vulnerable to heat. (rF-)
You are in touch with the powers of death.
You do not drink.
You have a special connection with the divine. (Faith)


Message History

The ufetubus hits you.
* * * LOW HITPOINT WARNING * * *
The orc barely misses you.
You take 5 damage, and have 9/42 hp.
You closely miss the ufetubus.
The ufetubus hits you but does no damage.
The ufetubus hits you.
* * * LOW HITPOINT WARNING * * *
The ufetubus hits you but does no damage.
The ufetubus barely misses you. You block the orc's attack.
You take 3 damage, and have 6/42 hp.
Throw: 4 darts (curare)
Press: ? - help, Q - select action, (/) - cycle Shift-Dir - straight line, f - ufetubus
Aim: an ufetubus (35% to hit)
You throw a curare-tipped dart. The curare-tipped dart hits the orc.
The orc is poisoned.
The orc convulses.
The orc seems to slow down.
The orc is almost dead.
You kill the orc!
You block the ufetubus's attack. x2; The ufetubus hits you.
* * * LOW HITPOINT WARNING * * *
The ufetubus closely misses you.
You take 3 damage, and have 3/42 hp.
Press: ? - help, v - describe, . - travel
Here: an ufetubus The floor.
Unknown command.
Unknown command.
Press: ? - help, v - describe, . - travel, g - get item
Here: an endoplasm
Items here: a +0 mace; a curare-tipped dart; an orc corpse.
The floor.
Press: ? - help, v - describe, . - travel
Here: an ufetubus The floor.
Aiming: Mindburst
Press: ? - help, Shift-Dir - straight line, f - ufetubus
Aim: an ufetubus (chance to affect: 72%)
The ufetubus struggles to resist.
You block the ufetubus's attack. The ufetubus hits you.
* * * LOW HITPOINT WARNING * * *
The endoplasm hits you but does no damage.
You take 1 damage, and have 2/42 hp.
Aiming: Mindburst
Press: ? - help, Shift-Dir - straight line, f/p - ufetubus
Aim: an ufetubus (chance to affect: 72%)
The ufetubus struggles to resist.
The ufetubus hits you but does no damage.
The ufetubus hits you.
You die...

#.#.#
#.........#
#.#.#
#.........#
#.#.#
#.........#
#.#.#
#......####
#.#.# ########
#.# #### #.#
.....
#.######......
#..5@J...<....
#######.......
.......
.J.....
.......
....[..
.......
...####


You could see an ufetubus and an endoplasm.

Vanquished Creatures
  A water moccasin (Sewer)
  A gnoll (D:1)
  4 river rats (D:3)
  3 adders
  An ufetubus (D:3)
  3 worms
  A dart slug (D:1)
  An orc (D:3)
  3 bats
  3 endoplasms
  3 giant cockroaches
  A goblin (D:2)
  7 hobgoblins
  5 jackals (Sewer)
  2 quokkas
  4 ball pythons
  3 frilled lizards
  5 kobolds
  9 rats
60 creatures vanquished.

Notes
Turn   | Place    | Note
-------+----------+-------------------------------------------
     0 | D:1      | backslashecho the Mummy Fighter began the quest for the
                  | Orb.
     0 | D:1      | Reached XP level 1. HP: 18/18 MP: 1/1
   151 | D:1      | Reached XP level 2. HP: 22/24 MP: 2/2
   471 | D:1      | HP: 1/24 [gnoll/+0 spear (2)]
   925 | D:1      | Reached XP level 3. HP: 29/29 MP: 3/3
  1687 | D:3      | Found a radiant altar of Vehumet.
  1740 | D:3      | Reached XP level 4. HP: 28/35 MP: 4/4
  1921 | D:3      | Found a glowing drain.
  1969 | Sewer    | Entered a sewer
  2071 | Sewer    | Noticed a water moccasin
  2090 | Sewer    | Killed a water moccasin
  2091 | Sewer    | Reached skill level 4 in Fighting
  2091 | Sewer    | Reached XP level 5. HP: 15/42 MP: 5/5
  2698 | D:3      | HP: 2/42 [ufetubus (2)]
  2699 | D:3      | Slain by an ufetubus

Illustrated notes

Levels and vault maps discovered:
D:1:      denvon_arrival_planthouse, layout_basic, grunt_decor_clamped,
          wad_floor_pattern_1
D:2:      layout_basic
D:3:      layout_basic, vehumet_altar_wand_db, lightli_sewer_entry_pipes,
          hangedman_decor_growths

Skill      XL: |  1  2  3  4 |
---------------+-------------+-----
Maces & Flails | 2 3 |  3.7
Shields        | 3 |  3.4
Fighting       | 4 |  4.1
Armour         | |  2.4

Action                     |  1- 3 |  4- 6 || total
---------------------------+-------+-------++-------
  Melee: Flail             |   105 |   113 ||   218
  Throw: Dart              |       |     8 ||     8
  Evoke: Wand              |       |     3 ||     3
 Armour: Scale mail        |    59 |   139 ||   198
  Dodge: Dodged            |    50 |    90 ||   140
  Block: Buckler           |    29 |    40 ||    69

Table legend: (Time is in decaauts)
 A = Elapsed time spent in this place.
 B = Non-inter-level travel time spent in this place.
 C = Inter-level travel time spent in this place.
 D = Time resting spent in this place.
 E = Time spent auto-exploring this place.
 F = Levels seen in this place.
 G = Mean time per level.
                   A        B        C        D        E       F      G
               +--------+--------+--------+--------+--------+-----+--------+
         Total |   2764 |   2594 |    170 |    447 |   1433 |   4 |  691.0 |
       Dungeon |   2354 |   2184 |    170 |    220 |   1389 |   3 |  784.7 |
         Sewer |    409 |    409 |      0 |    227 |     44 |   1 |  409.0 |
               +--------+--------+--------+--------+--------+-----+--------+

Top non-repeatable levels by time:
     D:1: 1125 daAuts
     D:3: 669 daAuts
     D:2: 559 daAuts
   Sewer: 409 daAuts
